 Dungeon Crawl Stone Soup version 0.21-a0-531-gacddea6 (webtiles) character file.

3305 teukkam the Fighter (level 10, -1/84 HPs)
             Began as a Gnoll Wanderer on Dec 13, 2017.
             Was a Believer of Wu Jian.
             Slain by a two-headed ogre
             ... wielding a cursed -2 giant spiked club
              (17 damage)
             ... on level 10 of the Dungeon.
             The game lasted 00:40:11 (6563 turns).

teukkam the Fighter (Gnoll Wanderer)                Turns: 6563, Time: 00:40:12

Health: -1/84      AC: 16    Str: 19    XL:     10   Next: 1%
Magic:  17/17      EV: 13    Int: 15    God:    Wu Jian [**....]
Gold:   230        SH: 10    Dex: 15    Spells: 18/18 levels left

rFire    . . .     SeeInvis .   a - +1 short sword (speed)
rCold    . . .     Gourm    .   A - +0 shield
rNeg     . . .     Faith    .   h - +0 swamp dragon scales
rPois    +         Spirit   .   l - +0 helmet
rElec    .         Reflect  .   y - +0 cloak
rCorr    .         Harm     .   x - +0 pair of gloves
MR       .....                  q - +0 pair of boots
Stlth    +++.......             (no amulet)
HPRegen  0.24/turn              (no ring)
MPRegen  0.15/turn              (no ring)

@: no status effects
A: distributed training, fangs 1, molten scales 1, clever 1, sense surroundings
1, strong nose
a: Renounce Religion


You were on level 10 of the Dungeon.
You worshipped Wu Jian.
Wu Jian was pleased with you.
You were not hungry.

You visited 1 branch of the dungeon, and saw 10 of its levels.

You collected 230 gold pieces.

Inventory:

Hand Weapons
 a - a +1 short sword of speed (weapon)
 b - a +0 shortbow
 c - a +0 spear
 d - a +0 dagger
 e - a +0 falchion
Missiles
 F - 40 arrows
Armour
 h - +0 swamp dragon scales (worn)
 l - a +0 helmet (worn)
 q - a +0 pair of boots (worn)
 x - a +0 pair of gloves (worn)
 y - a +0 cloak (worn)
 A - a +0 shield (worn)
Wands
 o - a wand of polymorph (10)
Scrolls
 j - 2 scrolls of magic mapping {unknown}
 k - 3 scrolls of amnesia {unknown}
 n - 2 scrolls of fog {unknown}
 r - 11 scrolls of identify {unknown}
 s - 4 scrolls of remove curse {unknown}
 u - a scroll of noise {unknown}
 w - 2 scrolls of immolation {unknown}
 B - a scroll of holy word {unknown}
 C - a scroll of enchant weapon
Potions
 g - a potion of agility {unknown}
 p - a potion of lignification
 t - a potion of curing {unknown}
 v - 2 potions of mutation
 z - 2 potions of degeneration {unknown}
 D - a potion of flight {unknown}
Miscellaneous
 E - a crystal ball of energy
Comestibles
 f - 6 bread rations
 i - a royal jelly
 m - 6 chunks of flesh


   Skills:
 + Level 9.7 Fighting
 + Level 4.7 Short Blades
 + Level 4.7 Long Blades
 + Level 4.7 Axes
 + Level 4.7 Maces & Flails
 + Level 4.7 Polearms
 + Level 4.7 Staves
 + Level 4.7 Slings
 + Level 4.7 Bows
 + Level 4.7 Crossbows
 + Level 4.7 Throwing
 + Level 6.6 Armour
 + Level 6.6 Dodging
 + Level 6.4 Stealth
 + Level 4.7 Shields
 + Level 4.7 Unarmed Combat
 + Level 4.7 Spellcasting
 + Level 3.9 Conjurations
 + Level 3.9 Hexes
 + Level 3.9 Charms
 + Level 3.9 Summonings
 + Level 3.9 Necromancy
 + Level 3.9 Translocations
 + Level 3.9 Transmutations
 + Level 3.9 Fire Magic
 + Level 3.9 Ice Magic
 + Level 3.9 Air Magic
 + Level 3.9 Earth Magic
 + Level 3.9 Poison Magic
 + Level 5.2 Invocations
 + Level 4.7 Evocations


You had 18 spell levels left.
You didn't know any spells.

Dungeon Overview and Level Annotations

Branches:
Dungeon (10/15)               Orc (0/2) D:9
 Temple: D:4-7         Lair: D:8-11

Altars:
Hepliaklqana
Sif Muna
Trog
Wu Jian

Shops:
D:5 [

Annotations:
D:4 Amnesiac's ghost, novice DEEE
D:9 2 transporters


Innate Abilities, Weirdness & Mutations

Your experience applies equally to all skills.
You have very sharp teeth.
Your uncanny sense of smell can sniff out nearby items.
You are partially covered in molten scales. (AC +2)
Your mind is acute. (Int +2)
You passively map a small area around you.


Message History

You hit the two-headed ogre. You bite the two-headed ogre.
The two-headed ogre is almost dead.
You hit the two-headed ogre but do no damage.
The two-headed ogre is almost dead.
The two-headed ogre hits you with a giant spiked club!
The two-headed ogre closely misses you.
You spin and attack the two-headed ogre.
The killer bee buzzes angrily.
You hit the two-headed ogre.
The two-headed ogre is almost dead.
The two-headed ogre hits you but does no damage.
The two-headed ogre hits you with a giant club!
* * * LOW HITPOINT WARNING * * *
You closely miss the two-headed ogre.
The two-headed ogre is almost dead.
A killer bee comes into view.
Okay, then.
You put your feet on the rock wall.
Move against it again to jump.
The two-headed ogre hits you with a giant spiked club!
You die...

, ..........# * , ,
..y.......# ,
#######y##......# , ,
#........#......# ,
#........#......#
#........#......# *, ,,
#.)..5..'......# . , ,
,
,#...§y§.#......######.
,
#...§@O.#.....).......
, ,
#########.............
* ...........<....... ,
* ...................
########..........?
#...........
############


You could see a two-headed ogre, 3 killer bees and a shadow imp.

Vanquished Creatures
  A troll (D:8)
  2 hippogriffs
  Sigmund (D:3)
  2 hungry ghosts (D:8)
  An orc warrior (D:9)
  A black bear (D:8)
  A sky beast (D:8)
  2 ogres (D:9)
  3 centaurs
  5 big kobolds
  2 bullfrogs (D:9)
  A wyvern skeleton (D:9)
  2 scorpions
  4 killer bees (D:7)
  2 crimson imps (D:8)
  3 bullfrog skeletons
  6 hounds
  A jelly (D:9)
  2 orc wizards (D:3)
  2 iguanas
  3 worker ants
  A hound zombie (D:10)
  A hound skeleton (D:9)
  2 worker ant zombies (D:9)
  A gnoll (D:9)
  12 adders
  3 shadow imps
  3 worms
  2 dart slugs
  2 leopard geckos (D:3)
  30 orcs
  3 bats
  5 giant cockroaches
  2 goblins (D:3)
  6 hobgoblins
  8 jackals
  A quokka (D:7)
  3 frilled lizards
  8 kobolds
  A quokka skeleton (D:8)
  A quokka zombie (D:6)
  6 rats
148 creatures vanquished.

Notes
Turn   | Place    | Note
-------+----------+-------------------------------------------
     0 | D:1      | teukkam the Gnoll Wanderer began the quest for the Orb.
     0 | D:1      | teukkam set off with: a +2 scale mail, a +0 spear, a scroll of teleportation, a +0 dagger, a bread ration
     0 | D:1      | Reached XP level 1. HP: 26/26 MP: 1/1
   206 | D:2      | Reached XP level 2. HP: 33/33 MP: 2/2
   384 | D:2      | Found a hazy altar of Hepliaklqana.
   501 | D:2      | Reached XP level 3. HP: 28/38 MP: 3/3
   608 | D:2      | Reached skill level 1 in Invocations
   845 | D:1      | Reached skill level 1 in Short Blades
   845 | D:1      | Reached skill level 1 in Long Blades
   845 | D:1      | Reached skill level 1 in Axes
   845 | D:1      | Reached skill level 1 in Maces & Flails
   845 | D:1      | Reached skill level 1 in Polearms
   845 | D:1      | Reached skill level 1 in Staves
   845 | D:1      | Reached skill level 1 in Slings
   845 | D:1      | Reached skill level 1 in Bows
   845 | D:1      | Reached skill level 1 in Crossbows
   845 | D:1      | Reached skill level 1 in Throwing
   845 | D:1      | Reached skill level 1 in Shields
   845 | D:1      | Reached skill level 1 in Unarmed Combat
   845 | D:1      | Reached skill level 1 in Spellcasting
   845 | D:1      | Reached skill level 1 in Evocations
   963 | D:3      | Reached XP level 4. HP: 45/45 MP: 5/5
  1086 | D:4      | Found a bloodstained altar of Trog.
  1146 | D:4      | Reached skill level 1 in Conjurations
  1146 | D:4      | Reached skill level 1 in Hexes
  1146 | D:4      | Reached skill level 1 in Charms
  1146 | D:4      | Reached skill level 1 in Summonings
  1146 | D:4      | Reached skill level 1 in Necromancy
  1146 | D:4      | Reached skill level 1 in Translocations
  1146 | D:4      | Reached skill level 1 in Transmutations
  1146 | D:4      | Reached skill level 1 in Fire Magic
  1146 | D:4      | Reached skill level 1 in Ice Magic
  1146 | D:4      | Reached skill level 1 in Air Magic
  1146 | D:4      | Reached skill level 1 in Earth Magic
  1146 | D:4      | Reached skill level 1 in Poison Magic
  1146 | D:4      | Reached XP level 5. HP: 39/51 MP: 6/6
  1323 | D:4      | Noticed Amnesiac's ghost (novice DEEE)
  1870 | D:3      | Reached XP level 6. HP: 44/57 MP: 8/8
  2140 | D:3      | Noticed Sigmund
  2152 | D:3      | Killed Sigmund
  2152 | D:3      | Reached skill level 5 in Armour
  2152 | D:3      | Reached skill level 5 in Dodging
  2306 | D:3      | Found an ornate altar of the Wu Jian Council.
  2317 | D:3      | Became a worshipper of the Wu Jian Council
  2572 | D:3      | Reached XP level 7. HP: 63/63 MP: 10/10
  2936 | D:4      | Found a deep blue altar of Sif Muna.
  3023 | D:5      | Entered Level 5 of the Dungeon
  3103 | D:5      | Found Hacyh's Armour Emporium.
  3189 | D:7      | Noticed a hippogriff
  3219 | D:7      | Killed a hippogriff
  3482 | D:6      | Reached skill level 5 in Stealth
  3522 | D:6      | Reached skill level 9 in Fighting
  3539 | D:6      | Reached * piety under Wu Jian
  3547 | D:6      | Noticed a two-headed ogre
  3668 | D:7      | Noticed a hungry ghost
  3705 | D:8      | Killed a hungry ghost
  3705 | D:8      | Reached XP level 8. HP: 68/71 MP: 12/12
  3841 | D:7      | Gained mutation: You are partially covered in molten scales. (AC +2) [potion of mutation]
  3841 | D:7      | Gained mutation: Your mind is acute. (Int +2) [potion of mutation]
  3841 | D:7      | Gained mutation: You passively map a small area around you. [potion of mutation]
  4596 | D:8      | Noticed a troll
  4610 | D:8      | Killed a troll
  4610 | D:8      | Reached XP level 9. HP: 43/76 MP: 14/14
  5318 | D:9      | Found a staircase to the Orcish Mines.
  5318 | D:9      | Noticed a troll
  5360 | D:9      | Reached ** piety under Wu Jian
  5508 | D:9      | Found a transporter.
  5514 | D:9      | Noticed a kobold demonologist
  5515 | D:9      | Noticed a deep elf knight
  5518 | D:9      | Noticed a kobold demonologist
  5520 | D:9      | Noticed a deep elf knight
  5522 | D:9      | Noticed an orc sorcerer
  5525 | D:9      | Found a transporter.
  5538 | D:9      | Noticed a kobold demonologist
  5782 | D:9      | Reached skill level 5 in Invocations
  5912 | D:10     | Entered Level 10 of the Dungeon
  6519 | D:10     | Reached XP level 10. HP: 84/84 MP: 17/17
  6526 | D:10     | Noticed a two-headed ogre
  6563 | D:10     | Slain by a two-headed ogre

Vault maps used:
D:1:      nicolae_arrival_memento_mori
D:2:      lemuel_crystal_altar
D:3:      nicolae_overflow_crystal_walls, minmay_strange_pillars, uniq_sigmund
D:4:      lemuel_blue_sif_altar, kennysheep_mini_moat, first_bread
D:5:      serial_shops, shop_fountains, kennysheep_another_room,
          grunt_gozag_statues, uniq_menkaure
D:6:      yredelemnul_altar_generic, nemelex_xobeh_ov_fountains_minmay,
          nicolae_dithmenos_the_darkroom, kennysheep_mini,
          minmay_temple_entry_enclosed_plants
D:7:      grunt_temple_overflow_open, grunt_ogre_cave, grunt_decor_cap
D:9:      gammafunk_wand_slinger, lemuel_doored_altar,
          kennysheep_orc_monster_closet_entryway
D:10:     uniq_erolcha

Skill      XL: |  1  2  3  4  5  6  7  8  9 |
---------------+----------------------------+-----
Invocations    | 1 2 3 4 5 |  5.2
Short Blades   | 1 2 3 4 |  4.7
Long Blades    | 1 2 3 4 |  4.7
Axes           | 1 2 3 4 |  4.7
Maces & Flails | 1 2 3 4 |  4.7
Polearms       | 1 2 3 4 |  4.7
Staves         | 1 2 3 4 |  4.7
Slings         | 1 2 3 4 |  4.7
Bows           | 1 2 3 4 |  4.7
Crossbows      | 1 2 3 4 |  4.7
Throwing       | 1 2 3 4 |  4.7
Shields        | 1 2 3 4 |  4.7
Unarmed Combat | 1 2 3 4 |  4.7
Spellcasting   | 1 2 3 4 |  4.7
Evocations     | 1 2 3 4 |  4.7
Conjurations   | 1 2 3 |  3.9
Hexes          | 1 2 3 |  3.9
Charms         | 1 2 3 |  3.9
Summonings     | 1 2 3 |  3.9
Necromancy     | 1 2 3 |  3.9
Translocations | 1 2 3 |  3.9
Transmutations | 1 2 3 |  3.9
Fire Magic     | 1 2 3 |  3.9
Ice Magic      | 1 2 3 |  3.9
Air Magic      | 1 2 3 |  3.9
Earth Magic    | 1 2 3 |  3.9
Poison Magic   | 1 2 3 |  3.9
Armour         | 5 6 |  6.6
Dodging        | 5 6 |  6.6
Stealth        | 5 6 |  6.4
Fighting       | 9 |  9.7

Action                   |  1- 3 |  4- 6 |  7- 9 | 10-12 || total
-------------------------+-------+-------+-------+-------++-------
Melee: Spear             |   153 |    16 |       |       ||   169
       Bite              |    19 |    26 |    82 |     8 ||   135
       Punch             |     1 |     1 |     5 |       ||     7
       Short sword       |       |   238 |   677 |    34 ||   949
Throw: Throwing net      |       |     2 |     2 |       ||     4
       Tomahawk          |       |    15 |    45 |       ||    60
  Use: Potion            |       |     4 |     1 |       ||     5
       Scroll            |       |     2 |     1 |       ||     3
 Stab: Sleeping          |     1 |     2 |     9 |       ||    12
       Held in net/web   |       |       |     1 |       ||     1
  Eat: Chunk             |       |     6 |     6 |       ||    12
       Meat ration       |       |       |     3 |       ||     3
       Royal jelly       |       |       |     1 |       ||     1
Armor: Scale mail        |     9 |       |       |       ||     9
       Swamp dragon scal |    42 |    63 |   162 |     5 ||   272
       Skin              |       |    14 |       |       ||    14
Dodge: Dodged            |    92 |   112 |   267 |     8 ||   479
Block: Shield            |       |       |    89 |    11 ||   100

Table legend:
 A = Spawn XP
 B = Non-spawn XP
 C = Spawn XP percentage of total XP
 D = Spawn monster count
 E = Non-spawn monster count
 F = Spawn count percentage of total count
 G = Total turns spent on level
                    A         B        C        D         E        F      G
               +---------+---------+-------+---------+---------+-------+---------
         Total |       0 |    4722 |   0.0 |       0 |     148 |   0.0 |  6563
               +---------+---------+-------+---------+---------+-------+---------
           D:1 |       0 |      12 |   0.0 |       0 |       6 |   0.0 |   263
           D:2 |       0 |      66 |   0.0 |       0 |      20 |   0.0 |   658
           D:3 |       0 |     441 |   0.0 |       0 |      46 |   0.0 |  1103
           D:4 |       0 |     103 |   0.0 |       0 |       9 |   0.0 |  1057
           D:6 |       0 |     205 |   0.0 |       0 |       7 |   0.0 |   152
           D:7 |       0 |     555 |   0.0 |       0 |       7 |   0.0 |   640
           D:8 |       0 |    1360 |   0.0 |       0 |      23 |   0.0 |  1646
           D:9 |       0 |    1801 |   0.0 |       0 |      27 |   0.0 |   923
          D:10 |       0 |     179 |   0.0 |       0 |       3 |   0.0 |    81
               +---------+---------+-------+---------+---------+-------+---------
